 Dungeon Crawl Stone Soup version 0.20-a0-1018-ge435b50 (webtiles) character file.

255 mopl the Sneak (level 5, -4/29 HPs)
             Began as a Deep Elf Assassin on Apr 17, 2017.
             Killed from afar by an orc wizard (8 damage)
             ... with a magic dart
             ... on level 4 of the Dungeon.
             The game lasted 00:05:55 (3991 turns).

mopl the Sneak (Deep Elf Assassin)                  Turns: 3991, Time: 00:05:55

Health: -4/29      AC:  3    Str:  8    XL:     5   Next: 91%
Magic:  7/7        EV: 12    Int: 16    God:
Gold:   132        SH:  0    Dex: 17    Spells: 4/4 levels left

rFire    . . .     SeeInvis .   a - +2 dagger (venom)
rCold    . . .     Gourm    .   (no shield)
rNeg     . . .     Faith    .   c - +0 robe
rPois    .         Spirit   .   (no helmet)
rElec    .         Reflect  .   d - +0 cloak
rCorr    .         Harm     .   (no gloves)
MR       .....                  (no boots)
Stlth    +++++.....             (no amulet)
Regen    0.1/turn               p - ring of stealth
MPRegen  0.1/turn               (no ring)

@: no status effects
A: no striking features
a: no special abilities


You were on level 4 of the Dungeon.
You were not hungry.

You visited 1 branch of the dungeon, and saw 4 of its levels.

You collected 132 gold pieces.

Inventory:

Hand Weapons
 a - a +2 dagger of venom (weapon)
 b - a +0 blowgun
Missiles
 e - 21 poisoned needles
 f - 2 curare-tipped needles
Armour
 c - a +0 robe (worn)
 d - a +0 cloak (worn)
 x - a +0 leather armour of fire resistance
Jewellery
 p - a ring of stealth (left hand)
Wands
 t - a wand of confusion (11/48)
 y - a wand of disintegration (10/24)
Scrolls
 k - a scroll of identify
 m - a scroll of remove curse {unknown}
 n - a scroll of noise {unknown}
 r - 2 scrolls of magic mapping {unknown}
 v - a scroll of blinking {unknown}
 w - 2 scrolls of enchant armour {unknown}
 A - a scroll of recharging {unknown}
 C - a scroll of amnesia {unknown}
Potions
 j - a potion of resistance
 q - a potion of cancellation
 u - a potion of curing
 B - a potion of brilliance
Comestibles
 g - a bread ration
 o - a royal jelly
 s - 3 meat rations
 z - 3 chunks of flesh


   Skills:
 - Level 1.5 Fighting
 + Level 3.2 Short Blades
 + Level 3.6 Throwing
 - Level 1.2 Dodging
 * Level 7.4 Stealth


You had 4 spell levels left.
You didn't know any spells.

Dungeon Overview and Level Annotations

Branches:
Dungeon (4/15)
 Temple: D:4-7

Altars:
Dithmenos
Okawaru

Annotations:
D:4 Blork the orc


Message History

The orc wizard casts a spell at you. The magic dart hits you!
The orc wizard hits you with a dagger.
* * * LOW HITPOINT WARNING * * *
You hit the orc wizard.
The orc wizard looks as sick as possible!
The orc wizard is moderately wounded.
Something wriggles in the net.
The orc wizard hits you but does no damage.
You hit the orc wizard but do no damage.
The orc wizard looks as sick as possible!
The orc wizard is heavily wounded.
The orc wizard hits you but does no damage.
Something wriggles in the net.
All of a sudden the net rips apart!
You closely miss the orc wizard.
The orc wizard is heavily wounded.
The orc wizard hits you with a dagger.
* * * LOW HITPOINT WARNING * * *
The orc wizard gestures at you while chanting.
The magic dart hits you!
You die...

#....#####..###
###...........########
##########.....##.###.......#
##.......######..#.#.....##...
.....^..#### ##.#.#.#####
..#.......# #.....#
..#.#o....># ##..###
#._.#.....####.[.###
#.#......#{oo@#...# #####
#.........####.#.# ##...##
#.(.........### #..#.#
##.....## ###.###..o..# #.##.#
#.......# # ......[.# #.
#.####.#._.#.# ###.....# #.
#..##..##.##.. ##?#### #.
##.##...###... ...
#.###........ #..#
#..###[......


You could see Blork the orc (wandering), an orc wizard and an orc.

Vanquished Creatures
  A jelly (D:3)
  6 gnolls
  5 adders
  An adder skeleton (D:3)
  5 worms
  3 dart slugs
  A leopard gecko (D:3)
  5 orcs (D:3)
  A ball python (D:1)
  3 giant cockroaches
  11 goblins
  5 hobgoblins
  9 jackals
  13 kobolds
  2 quokkas
  11 bats
  5 frilled lizards
  12 rats
99 creatures vanquished.

Notes
Turn   | Place    | Note
-------+----------+-------------------------------------------
     0 | D:1      | mopl the Deep Elf Assassin began the quest for the Orb.
     0 | D:1      | Reached XP level 1. HP: 12/12 MP: 3/3
    24 | D:1      | Reached skill level 5 in Stealth
   116 | D:1      | Reached XP level 2. HP: 14/16 MP: 4/4
   651 | D:1      | Reached XP level 3. HP: 14/20 MP: 5/5
  1192 | D:2      | Reached skill level 6 in Stealth
  1573 | D:2      | Found a shadowy altar of Dithmenos.
  1624 | D:2      | Reached skill level 3 in Throwing
  1709 | D:3      | Reached XP level 4. HP: 22/25 MP: 6/6
  2585 | D:3      | Reached XP level 5. HP: 21/29 MP: 7/7
  3053 | D:3      | Reached skill level 3 in Short Blades
  3302 | D:4      | Noticed Blork the orc
  3311 | D:4      | Reached skill level 7 in Stealth
  3894 | D:4      | Found a shadowy altar of Dithmenos.
  3964 | D:4      | Found an iron altar of Okawaru.
  3991 | D:4      | Killed from afar by an orc wizard

Vault maps used:
D:1:      dpeg_arrival_arbitrary_b, grunt_decor_resistance
D:2:      lemuel_coloured_pillars_altar
D:4:      okawaru_metal_pillars_3, minitemple, first_bread,
          nicolae_dithmenos_through_a_glass_darkly, uniq_blork_the_orc

Skill      XL: |  1  2  3  4  5 |
---------------+----------------+-----
Stealth        | 5 6 7 |  7.4
Throwing       | 3 |  3.6
Short Blades   | 3 |  3.2
Fighting       | |  1.5
Dodging        | |  1.2

Action                   |  1- 3 |  4- 6 || total
-------------------------+-------+-------++-------
Melee: Dagger            |   151 |   131 ||   282
 Fire: Blowgun           |     3 |     5 ||     8
Throw: Throwing net      |       |     1 ||     1
Evoke: Wand              |       |     4 ||     4
  Use: Scroll            |       |     5 ||     5
       Potion            |       |     1 ||     1
 Stab: Sleeping          |    24 |    10 ||    34
       Distracted        |     1 |     1 ||     2
       Confused          |       |     1 ||     1
  Eat: Chunk             |     3 |     7 ||    10
Armor: Robe              |    32 |    12 ||    44
Dodge: Dodged            |    81 |    55 ||   136
